[ AOE2 MATCH · #506731900 ]
UnrankedPortuguese vs Ethiopians
Player's team · WIN
[ REPLAY ANALYSIS · EXTRACTED FROM THE RECORDED GAME ]
Feudal
8:53
Castle
19:51
Imperial
—
| APM avg | 72.4 |
| APM peak | 100 |
| eAPM avg | 30.4 |
| Villagers / military | 85 / 43 |
Focus
⚔️ 54.7% · 🌾 45.3%
Archer ×35 · Mangonel ×7 · Skirmisher ×1
Feudal
9:17
Castle
20:07
Imperial
—
| APM avg | 48.1 |
| APM peak | 67 |
| eAPM avg | 22.4 |
| Villagers / military | 83 / 52 |
Focus
⚔️ 36.4% · 🌾 63.6%
Archer ×39 · Mangonel ×8 · Militia ×5
Match map
Initial resources + every placement click. Lines = walls · curves = elevation contours. ◆ gold · ⬟ stone · ● berries · ✦ relic · ◌ wall gap
Your base· ✓ Closed at 19:51 · 57t walls · 2 gate(s)
Attila Empires's base· ✓ Closed at 20:07 · 48t walls · no gate
Smoothed initial terrain · ◌ = detected wall gap · hover for details
Inputs per minute
— DGHIR | chanchilaru - - Attila Empires
Build order — DGHIR | chanchilaru
First 150 of 210 actions detected
| 0:00 | Create | Villager (Male) |
| 0:00 | Create | Villager (Male) |
| 0:00 | Create | Villager (Male) |
| 0:01 | Create | Villager (Male) |
| 0:02 | Build | House |
| 0:02 | Build | House |
| 1:00 | Build | Mill |
| 1:12 | Create | Villager (Male) |
| 1:12 | Create | Villager (Male) |
| 1:55 | Create | Villager (Male) |
| 1:55 | Create | Villager (Male) |
| 2:30 | Create | Villager (Male) |
| 2:30 | Create | Villager (Male) |
| 2:47 | Create | Villager (Male) |
| 2:47 | Create | Villager (Male) |
| 3:08 | Create | Villager (Male) |
| 3:08 | Create | Villager (Male) |
| 3:22 | Build | House |
| 3:36 | Create | Villager (Male) |
| 3:36 | Create | Villager (Male) |
| 3:58 | Create | Villager (Male) |
| 3:58 | Create | Villager (Male) |
| 4:06 | Create | Villager (Male) |
| 4:06 | Create | Villager (Male) |
| 4:27 | Create | Villager (Male) |
| 4:27 | Create | Villager (Male) |
| 4:37 | Create | Villager (Male) |
| 4:37 | Create | Villager (Male) |
| 5:05 | Build | Lumber Camp |
| 5:14 | Create | Villager (Male) |
| 5:14 | Create | Villager (Male) |
| 5:14 | Create | Villager (Male) |
| 5:44 | Create | Villager (Male) |
| 6:15 | Create | Villager (Male) |
| 6:43 | Research | Feudal Age |
| 6:43 | Research | Feudal Age |
| 6:44 | Research | Loom |
| 6:44 | Research | Loom |
| 7:37 | Build | Barracks |
| 7:41 | Build | House |
| 8:44 | Build | Palisade Wall |
| 8:45 | Build | Palisade Wall |
| 8:45 | Build | Palisade Wall |
| 8:45 | Build | Palisade Wall |
| 8:46 | Build | Palisade Wall |
| 8:49 | Build | Palisade Wall |
| 8:50 | Build | Palisade Wall |
| 8:53 | Age | Feudal Age |
| 8:54 | Build | Palisade Wall |
| 8:59 | Build | Palisade Gate |
| 9:06 | Build | House |
| 9:17 | Build | Archery Range |
| 9:38 | Create | Villager (Male) |
| 9:39 | Create | Villager (Male) |
| 9:45 | Build | Mining Camp |
| 9:51 | Create | Villager (Male) |
| 9:59 | Create | Archer |
| 9:59 | Create | Archer |
| 10:12 | Build | House |
| 10:14 | Build | Palisade Wall |
| 10:25 | Create | Villager (Male) |
| 10:37 | Create | Skirmisher |
| 10:43 | Create | Archer |
| 10:52 | Create | Villager (Male) |
| 11:00 | Create | Villager (Male) |
| 11:08 | Create | Archer |
| 11:16 | Create | Archer |
| 11:23 | Create | Villager (Male) |
| 11:25 | Build | House |
| 11:45 | Create | Villager (Male) |
| 11:45 | Create | Villager (Male) |
| 11:48 | Create | Villager (Male) |
| 11:58 | Create | Villager (Male) |
| 12:01 | Build | Palisade Wall |
| 12:07 | Create | Archer |
| 12:12 | Build | Blacksmith |
| 12:40 | Create | Villager (Male) |
| 12:40 | Create | Villager (Male) |
| 12:55 | Research | Fletching |
| 12:55 | Create | Villager (Male) |
| 12:55 | Create | Villager (Male) |
| 13:08 | Create | Villager (Male) |
| 13:08 | Create | Villager (Male) |
| 13:10 | Build | Farm |
| 13:11 | Build | Farm |
| 13:28 | Build | Archery Range |
| 13:30 | Create | Villager (Male) |
| 13:33 | Build | Farm |
| 13:36 | Create | Villager (Male) |
| 13:44 | Build | House |
| 13:46 | Build | Palisade Wall |
| 13:49 | Build | Palisade Gate |
| 13:50 | Build | Palisade Wall |
| 14:04 | Create | Archer |
| 14:06 | Create | Villager (Male) |
| 14:10 | Build | Palisade Wall |
| 14:11 | Build | Palisade Wall |
| 14:16 | Build | House |
| 14:19 | Create | Villager (Male) |
| 14:25 | Create | Archer |
| 14:40 | Create | Archer |
| 14:55 | Build | Palisade Wall |
| 14:55 | Build | Palisade Wall |
| 15:07 | Build | Farm |
| 15:10 | Create | Villager (Male) |
| 15:17 | Create | Archer |
| 15:17 | Create | Archer |
| 15:42 | Build | House |
| 15:43 | Build | Palisade Wall |
| 16:27 | Build | Palisade Wall |
| 16:46 | Build | Market |
| 16:46 | Create | Villager (Male) |
| 16:51 | Build | Lumber Camp |
| 17:03 | Create | Archer |
| 17:03 | Create | Archer |
| 17:11 | Research | Castle Age |
| 17:11 | Research | Castle Age |
| 17:20 | Build | Palisade Wall |
| 17:24 | Create | Archer |
| 17:25 | Create | Archer |
| 17:41 | Build | Farm |
| 17:53 | Build | House |
| 18:00 | Research | Double-Bit Axe |
| 18:01 | Research | Double-Bit Axe |
| 18:05 | Create | Archer |
| 18:05 | Create | Archer |
| 18:05 | Create | Archer |
| 18:13 | Build | House |
| 18:14 | Create | Archer |
| 18:27 | Build | Farm |
| 18:34 | Build | Farm |
| 18:43 | Research | Gold Mining |
| 18:46 | Build | Farm |
| 18:52 | Build | House |
| 18:53 | Create | Villager (Male) |
| 19:06 | Create | Archer |
| 19:07 | Create | Archer |
| 19:40 | Create | Archer |
| 19:40 | Create | Archer |
| 19:40 | Create | Archer |
| 19:51 | Age | Castle Age |
| 19:58 | Research | Crossbowman (upgrade) |
| 20:04 | Build | Siege Workshop |
| 20:20 | Research | Bodkin Arrow |
| 20:20 | Research | Bodkin Arrow |
| 20:30 | Create | Villager (Male) |
| 20:30 | Create | Villager (Male) |
| 20:53 | Create | Mangonel |
| 21:22 | Create | Villager (Male) |
| 21:22 | Create | Villager (Male) |
Build order — Attila Empires
First 150 of 204 actions detected
| 0:00 | Create | Villager (Male) |
| 0:01 | Create | Villager (Male) |
| 0:01 | Create | Villager (Male) |
| 0:02 | Build | House |
| 0:03 | Build | House |
| 0:08 | Create | Villager (Male) |
| 0:09 | Create | Villager (Male) |
| 1:41 | Create | Villager (Male) |
| 1:42 | Create | Villager (Male) |
| 1:47 | Build | Lumber Camp |
| 1:50 | Create | Villager (Male) |
| 1:50 | Create | Villager (Male) |
| 2:25 | Create | Villager (Male) |
| 2:26 | Create | Villager (Male) |
| 2:33 | Create | Villager (Male) |
| 3:17 | Create | Villager (Male) |
| 3:18 | Create | Villager (Male) |
| 3:19 | Create | Villager (Male) |
| 3:36 | Create | Villager (Male) |
| 3:37 | Create | Villager (Male) |
| 3:51 | Build | House |
| 4:07 | Create | Villager (Male) |
| 4:08 | Create | Villager (Male) |
| 4:23 | Create | Villager (Male) |
| 4:34 | Create | Villager (Male) |
| 4:34 | Create | Villager (Male) |
| 4:57 | Create | Villager (Male) |
| 4:57 | Create | Villager (Male) |
| 5:07 | Create | Villager (Male) |
| 5:18 | Create | Villager (Male) |
| 5:18 | Create | Villager (Male) |
| 5:34 | Build | Barracks |
| 5:55 | Research | Loom |
| 6:08 | Build | House |
| 6:44 | Research | Feudal Age |
| 6:44 | Research | Feudal Age |
| 6:44 | Research | Feudal Age |
| 6:59 | Create | Militia |
| 7:00 | Create | Militia |
| 7:00 | Create | Militia |
| 7:07 | Build | House |
| 7:29 | Create | Militia |
| 7:30 | Create | Militia |
| 8:04 | Build | Mill |
| 8:20 | Build | Mining Camp |
| 8:41 | Create | Villager (Male) |
| 9:17 | Age | Feudal Age |
| 9:20 | Research | Man-at-Arms (upgrade) |
| 9:37 | Build | Archery Range |
| 9:45 | Create | Villager (Male) |
| 9:50 | Research | Horse Collar |
| 9:51 | Research | Double-Bit Axe |
| 9:51 | Research | Double-Bit Axe |
| 9:52 | Create | Villager (Male) |
| 10:04 | Create | Villager (Male) |
| 10:04 | Create | Villager (Male) |
| 10:05 | Create | Villager (Male) |
| 10:22 | Build | House |
| 10:25 | Create | Villager (Male) |
| 10:25 | Create | Villager (Male) |
| 10:33 | Build | House |
| 10:39 | Create | Archer |
| 10:39 | Create | Archer |
| 10:39 | Create | Archer |
| 10:54 | Create | Villager (Male) |
| 10:58 | Create | Villager (Male) |
| 11:00 | Build | Farm |
| 11:02 | Build | Farm |
| 11:11 | Build | Palisade Wall |
| 11:28 | Build | Farm |
| 11:33 | Build | Palisade Wall |
| 11:53 | Create | Archer |
| 11:57 | Create | Villager (Male) |
| 11:57 | Create | Villager (Male) |
| 12:06 | Create | Villager (Male) |
| 12:06 | Create | Villager (Male) |
| 12:16 | Build | House |
| 12:24 | Create | Archer |
| 12:43 | Create | Villager (Male) |
| 12:43 | Create | Villager (Male) |
| 12:46 | Build | Farm |
| 12:48 | Build | Farm |
| 13:03 | Build | House |
| 13:06 | Build | House |
| 13:10 | Create | Villager (Male) |
| 13:10 | Create | Villager (Male) |
| 13:13 | Build | Farm |
| 13:14 | Build | Farm |
| 13:15 | Build | Farm |
| 13:30 | Build | Palisade Wall |
| 13:34 | Create | Villager (Male) |
| 13:46 | Create | Archer |
| 13:46 | Create | Archer |
| 13:46 | Create | Archer |
| 13:51 | Build | Farm |
| 13:54 | Build | Farm |
| 13:56 | Build | Farm |
| 14:06 | Create | Villager (Male) |
| 14:06 | Create | Villager (Male) |
| 14:11 | Build | Palisade Wall |
| 14:17 | Create | Villager (Male) |
| 14:19 | Create | Archer |
| 15:03 | Create | Villager (Male) |
| 15:12 | Research | Wheelbarrow |
| 15:15 | Create | Archer |
| 15:40 | Create | Villager (Male) |
| 15:46 | Build | Market |
| 15:50 | Build | Palisade Wall |
| 15:58 | Create | Archer |
| 16:14 | Create | Archer |
| 16:42 | Build | Archery Range |
| 16:54 | Create | Archer |
| 17:27 | Research | Castle Age |
| 17:27 | Research | Castle Age |
| 17:32 | Build | Blacksmith |
| 17:42 | Create | Archer |
| 17:42 | Create | Archer |
| 17:42 | Create | Archer |
| 18:06 | Build | House |
| 18:20 | Create | Archer |
| 18:36 | Create | Archer |
| 18:39 | Create | Archer |
| 18:39 | Create | Archer |
| 18:45 | Research | Fletching |
| 18:45 | Research | Fletching |
| 18:45 | Research | Fletching |
| 18:46 | Research | Padded Archer Armor |
| 18:47 | Research | Padded Archer Armor |
| 18:50 | Create | Villager (Male) |
| 18:50 | Create | Villager (Male) |
| 19:04 | Create | Villager (Male) |
| 19:04 | Create | Villager (Male) |
| 19:14 | Create | Archer |
| 19:14 | Create | Archer |
| 19:37 | Create | Archer |
| 19:37 | Create | Archer |
| 19:53 | Build | House |
| 19:58 | Create | Archer |
| 20:07 | Age | Castle Age |
| 20:10 | Research | Crossbowman (upgrade) |
| 20:10 | Research | Crossbowman (upgrade) |
| 20:10 | Research | Bodkin Arrow |
| 20:16 | Research | Bodkin Arrow |
| 20:16 | Research | Bodkin Arrow |
| 20:17 | Research | Bodkin Arrow |
| 20:26 | Create | Villager (Male) |
| 20:28 | Build | Town Center |
| 20:36 | Create | Archer |
| 20:37 | Create | Archer |
| 21:14 | Create | Archer |
Match timeline
| 5:34 | Attila Empires · first_building Barracks |
| 7:37 | DGHIR | chanchilaru · first_building Barracks |
| 8:44 | DGHIR | chanchilaru · wall_segment Palisade Wall x1 |
| 8:45 | DGHIR | chanchilaru · wall_segment Palisade Wall x1 |
| 8:45 | DGHIR | chanchilaru · wall_segment Palisade Wall x1 |
| 8:45 | DGHIR | chanchilaru · wall_segment Palisade Wall x1 |
| 8:46 | DGHIR | chanchilaru · wall_segment Palisade Wall x1 |
| 8:49 | DGHIR | chanchilaru · wall_segment Palisade Wall x1 |
| 8:50 | DGHIR | chanchilaru · wall_segment Palisade Wall x1 |
| 8:53 | DGHIR | chanchilaru · age_up feudal |
| 8:54 | DGHIR | chanchilaru · wall_segment Palisade Wall x1 |
| 9:17 | Attila Empires · age_up feudal |
| 9:17 | DGHIR | chanchilaru · first_building Archery Range |
| 9:37 | Attila Empires · first_building Archery Range |
| 10:14 | DGHIR | chanchilaru · wall_segment Palisade Wall x7 |
| 11:11 | Attila Empires · wall_segment Palisade Wall x20 |
| 11:33 | Attila Empires · wall_segment Palisade Wall x6 |
| 12:01 | DGHIR | chanchilaru · wall_segment Palisade Wall x5 |
| 13:30 | Attila Empires · wall_segment Palisade Wall x7 |
| 13:46 | DGHIR | chanchilaru · wall_segment Palisade Wall x14 |
| 13:50 | DGHIR | chanchilaru · wall_segment Palisade Wall x3 |
| 14:10 | DGHIR | chanchilaru · wall_segment Palisade Wall x7 |
| 14:11 | DGHIR | chanchilaru · wall_segment Palisade Wall x7 |
| 14:11 | Attila Empires · wall_segment Palisade Wall x14 |
| 14:55 | DGHIR | chanchilaru · wall_segment Palisade Wall x1 |
| 14:55 | DGHIR | chanchilaru · wall_segment Palisade Wall x1 |
| 15:43 | DGHIR | chanchilaru · wall_segment Palisade Wall x1 |
| 15:50 | Attila Empires · wall_segment Palisade Wall x1 |
| 16:27 | DGHIR | chanchilaru · wall_segment Palisade Wall x9 |
| 17:10 | DGHIR | chanchilaru · first_market_buy 100 food |
| 17:20 | DGHIR | chanchilaru · wall_segment Palisade Wall x1 |
| 19:51 | DGHIR | chanchilaru · age_up castle |
| 20:04 | DGHIR | chanchilaru · first_building Siege Workshop |
| 20:07 | Attila Empires · age_up castle |
| 20:09 | DGHIR | chanchilaru · first_market_sell 100 stone |
| 21:53 | Attila Empires · first_building Siege Workshop |
| 22:53 | Attila Empires · first_market_buy 100 wood |
| 23:19 | Attila Empires · first_market_sell 100 food |
| 27:16 | Attila Empires · resign |
[ AI ANALYSIS · 1 CREDIT ]
What really happened in this match?
Wolo.gg analyzes every decision: build order, eco, micro, common mistakes by bracket. Personalized analysis on WhatsApp or Discord in 30 seconds.
Civ guide
Portuguese
Perfil
Jugador #557273